 Dungeon Crawl Stone Soup version 0.21-a0-531-gacddea6 (webtiles) character file.

113 Amnesiac the Digger (level 4, 0/27 HPs)
             Began as a Deep Elf Earth Elementalist on Dec 13, 2017.
             Succumbed to kobold's curare-tipped needle
             ... on level 3 of the Dungeon.
             The game lasted 00:03:06 (1776 turns).

Amnesiac the Digger (Deep Elf Earth Elementalist)   Turns: 1776, Time: 00:03:07

Health: 0/27       AC:  2    Str:  5    XL:     4   Next: 65%
Magic:  12/12      EV: 13    Int: 21    God:
Gold:   150        SH:  0    Dex: 15    Spells: 8/11 levels left

rFire    . . .     SeeInvis .   l - +2 short sword (drain)
rCold    . . .     Gourm    .   (no shield)
rNeg     . . .     Faith    .   c - +0 robe
rPois    .         Spirit   .   (no helmet)
rElec    .         Reflect  .   (no cloak)
rCorr    .         Harm     .   (no gloves)
MR       .....                  (no boots)
Stlth    ++........             (no amulet)
HPRegen  0.09/turn              (no ring)
MPRegen  0.13/turn              (no ring)

@: lethally poisoned (0 -> -35), slowed, very slow
A: no striking features
a: no special abilities


You were on level 3 of the Dungeon.
You were not hungry.

You visited 1 branch of the dungeon, and saw 3 of its levels.

You collected 150 gold pieces.

Inventory:

Hand Weapons
 l - a +2 short sword of draining (weapon)
Missiles
 b - 72 stones (quivered)
 o - a throwing net
Armour
 c - a +0 robe (worn)
Scrolls
 g - 2 scrolls of magic mapping {!r}
 i - 3 scrolls of remove curse {!r}
 j - a scroll of fog {!r}
 k - 2 scrolls of identify {!r, unknown}
 m - a scroll of noise {!r, unknown}
Potions
 h - a potion of agility {!q, unknown}
 n - 2 potions of degeneration {!q, unknown}
Books
 e - a book of Geomancy

   Spells                             Type                      Level
   a - Sandblast                      Earth                        1
   b - Passwall                       Transmutation/Earth          2
   c - Stone Arrow                    Conjuration/Earth            3
   d - Petrify                        Transmutation/Earth          4
   e - Lee's Rapid Deconstruction     Earth                        5
Comestibles
 a - 8 chunks of flesh
 d - a bread ration
 f - a royal jelly


   Skills:
 * Level 2.5 Fighting
 + Level 2.5 Dodging
 - Level 2.4 Stealth
 - Level 4.0 Spellcasting
 - Level 1.1 Transmutations
 - Level 4.0 Earth Magic


You had 8 spell levels left.
You knew the following spells:

 Your Spells              Type           Power        Failure   Level  Hunger
a - Sandblast             Erth           ###...       2%          1    None
b - Passwall              Tmut/Erth      ###.......   6%          2    #......


Dungeon Overview and Level Annotations

Branches:
Dungeon (3/15)

Altars:
Cheibriados
Gozag
Makhleb
Nemelex Xobeh
Okawaru
Qazlal
Zin
The Shining One


Message History

Casting: Sandblast
Confirm with . or Enter, or press ? or * to list all spells.
Aiming: Sandblast
Press: ? - help, Shift-Dir - straight line, f - frilled lizard
Aim: a frilled lizard The blast of sand hits the frilled lizard.
You kill the frilled lizard!
b - 73 stones
Casting: Sandblast
Confirm with . or Enter, or press ? or * to list all spells.
You can't see any susceptible monsters within range! (Use Z to cast anyway.)
A bat comes into view.
A bat is nearby!
A bat is nearby!
Casting: Sandblast
Confirm with . or Enter, or press ? or * to list all spells.
Aiming: Sandblast
Press: ? - help, Shift-Dir - straight line, f - bat
Aim: a bat (resting)
The blast of sand hits the bat.
You kill the bat!
b - 72 stones
Casting: Sandblast
Confirm with . or Enter, or press ? or * to list all spells.
You can't see any susceptible monsters within range! (Use Z to cast anyway.)
You now have 150 gold pieces (gained 12).
A rat comes into view.
A rat is nearby!
The helpless rat fails to defend itself.
You puncture the rat!
You kill the rat!
You see here a rat corpse.
You butcher the rat corpse.
a - 9 chunks of flesh (gained 1) Eating one of 9 chunks of flesh.
You eat one of the 9 chunks of flesh.
This raw flesh tastes terrible.
Found 21 arrows.
A kobold comes into view. It is wielding a club.
The kobold shouts!
The kobold unwields an uncursed club.
The kobold wields a blowgun.
The kobold shoots a curare-tipped needle.
The curare-tipped needle hits you.
You are poisoned.
You have difficulty breathing.
You feel yourself slow down.
You see here a curare-tipped needle.
You feel sick.
The kobold shoots a curare-tipped needle.
The curare-tipped needle completely misses you.
The kobold shoots a curare-tipped needle.
The curare-tipped needle hits you.
You are more poisoned.
You have difficulty breathing.
You feel as though you will be slow longer.
You see here a curare-tipped needle.
* * * LOW HITPOINT WARNING * * *
You feel sick.
The kobold shoots a curare-tipped needle.
The curare-tipped needle hits you.
You are more poisoned.
You have difficulty breathing.
* * * LOW HITPOINT WARNING * * *
You feel as though you will be slow longer.
You see here a curare-tipped needle.
You die...

#### ...######## ##########
..........####........#####
..............>...........#
...###.##.####........###.#
...# #.##.## #..........#.#
...# #.....# #.(......#.#.#
...# #.....# #(#@#.##...#.#
...# #.....# #(#.#.##.#<#.#
...# #.....# #.#.#.##.#.#.#
...# #.....# #.#(#.##.#.#.#
...# #.....# #.#.#....#.#.#
...# #...... .K#.######.#.#
#### #.........#.. ..#.#
..### ###.# .... #.#


There were no monsters in sight!

Vanquished Creatures
  Natasha (D:3)
  A worker ant (D:2)
  4 worms
  2 dart slugs (D:1)
  3 leopard geckos
  5 bats
  3 giant cockroaches
  9 goblins
  2 hobgoblins (D:1)
  2 jackals (D:2)
  4 kobolds
  5 frilled lizards
  6 rats
47 creatures vanquished.

Notes
Turn   | Place    | Note
-------+----------+-------------------------------------------
     0 | D:1      | Amnesiac the Deep Elf Earth Elementalist began the quest for the Orb.
     0 | D:1      | Reached XP level 1. HP: 10/10 MP: 6/6
   366 | D:1      | Reached XP level 2. HP: 13/16 MP: 4/8
   387 | D:1      | Found a sparkling altar of Nemelex Xobeh.
   748 | D:1      | Reached skill level 1 in Fighting
   912 | D:2      | Reached XP level 3. HP: 20/20 MP: 7/10
   979 | D:2      | Found a snail-covered altar of Cheibriados.
  1115 | D:2      | Found a glowing golden altar of the Shining One.
  1266 | D:2      | Reached XP level 4. HP: 26/26 MP: 12/12
  1299 | D:2      | Found a stormy altar of Qazlal.
  1302 | D:2      | Found a glowing silver altar of Zin.
  1307 | D:2      | Found a burning altar of Makhleb.
  1309 | D:2      | Found a sparkling altar of Nemelex Xobeh.
  1311 | D:2      | Found an iron altar of Okawaru.
  1495 | D:2      | Learned a level 2 spell: Passwall
  1507 | D:2      | Found an opulent altar of Gozag.
  1554 | D:3      | Noticed Natasha
  1557 | D:3      | Killed Natasha
  1776 | D:3      | Succumbed to kobold's curare-tipped needle

Vault maps used:
D:1:      dpeg_arrival_tiny_f, nemelex_xobeh_ov_fountains_minmay
D:2:      nicolae_overflow_hidden_temple, nicolae_tso_carved_into_rock,
          minitemple, marbit_many_paths, serial_glass, glass_columns_b,
          glass_columns_a, kennysheep_generic_room_9
D:3:      uniq_natasha

Skill      XL: |  1  2  3  4 |
---------------+-------------+-----
Fighting       | 1 2 |  2.5
Spellcasting   | 4 |  4.0
Earth Magic    | 4 |  4.0
Dodging        | |  2.5
Stealth        | |  2.4
Transmutations | |  1.1

Action                   |  1- 3 |  4- 6 || total
-------------------------+-------+-------++-------
Melee: Short sword       |    30 |     2 ||    32
 Cast: Sandblast         |    32 |    19 ||    51
       Passwall          |       |     1 ||     1
  Use: Scroll            |     7 |       ||     7
 Stab: Sleeping          |     1 |     1 ||     2
  Eat: Chunk             |     1 |     2 ||     3
Armor: Robe              |     2 |       ||     2
Dodge: Dodged            |    21 |     8 ||    29

Table legend:
 A = Spawn XP
 B = Non-spawn XP
 C = Spawn XP percentage of total XP
 D = Spawn monster count
 E = Non-spawn monster count
 F = Spawn count percentage of total count
 G = Total turns spent on level
                    A         B        C        D         E        F      G
               +---------+---------+-------+---------+---------+-------+---------
         Total |       0 |     162 |   0.0 |       0 |      47 |   0.0 |  1776
               +---------+---------+-------+---------+---------+-------+---------
           D:1 |       0 |      37 |   0.0 |       0 |      19 |   0.0 |   886
           D:2 |       0 |      61 |   0.0 |       0 |      16 |   0.0 |   639
           D:3 |       0 |      64 |   0.0 |       0 |      12 |   0.0 |   251
               +---------+---------+-------+---------+---------+-------+---------
